 Dungeon Crawl Stone Soup version 0.28.0 (webtiles) character file.

Game seed: 2830958359802652421

72 SnakkuSnakku7 the Skirmisher (level 4, 0/36 (41) HPs)
             Began as a Hill Orc Delver on Feb 6, 2022.
             Was an Initiate of Beogh.
             Slain by a wight (4 damage)
             ... on level 3 of the Dungeon.
             The game lasted 00:01:42 (621 turns).

SnakkuSnakku7 the Skirmisher (Hill Orc Delver)       Turns: 621, Time: 00:01:42

HP:   0/36 (41)     AC:  3    Str: 16    XL:     4   Next: 25%
MP:   4/4           EV: 11    Int: 10    God:    Beogh [......]
Gold: 0             SH:  0    Dex: 12    Spells: 3/3 levels left

rFire   . . .      SeeInvis .   a - +0 hand axe
rCold   . . .      Faith    .   (no shield)
rNeg    . . .      Spirit   .   b - +0 leather armour
rPois   .          Reflect  .   (no helmet)
rElec   .          Harm     .   (no cloak)
rCorr   .          Rampage  .   (no gloves)
Will    .....                   (no boots)
Stlth   ++........              (no amulet)
HPRegen 0.12/turn               (no ring)
MPRegen 0.09/turn               (no ring)

@: heavily drained
A: no striking features
a: Renounce Religion


You were on level 3 of the Dungeon.
You worshipped Beogh.
Beogh was noncommittal.
You visited 1 branch of the dungeon, and saw 3 of its levels.

Inventory:

Hand Weapons
 a - a +0 hand axe (weapon)
Armour
 b - a +0 leather armour (worn)
Wands
 g - a wand of digging (2)
Scrolls
 c - a scroll of fog
 d - a scroll of identify {unknown}
 e - 2 scrolls of fear


   Skills:
 + Level 4.9 Fighting
 + Level 4.5 Axes
 - Level 1.5 Dodging
 - Level 4.1 Stealth


You had 3 spell levels left.
You didn't know any spells.
Your spell library was empty.

Dungeon Overview and Level Annotations

Branches:
Dungeon (5/15)
 Temple: D:4-7

Altars:

Shops:
D:5 *((?

Annotations:
D:4 Pikel
D:5 1 transporter, exclusion: vampire mosquito


Message History

The adder skeleton bites you.
The wight hits you with a +0 long sword.
You feel drained. The adder skeleton barely misses you.
The adder skeleton barely misses you.
A wight comes into view. It is wielding a +1 battleaxe.
A hound skeleton comes into view.
Something hits the hound skeleton.
The hound skeleton moves out of view.
The hound skeleton closely misses you.
There is a stone staircase leading down here.
A wight comes into view. It is wielding a +0 halberd.
The wight hits you with a +1 battleaxe!
You feel drained. The hound skeleton bites you.
The orc priest hits the adder skeleton with a +0 short sword.
The adder skeleton barely misses the orc priest.
The orc priest hits the adder skeleton with a +0 short sword.
The orc wizard closely misses the adder skeleton.
The adder skeleton bites the orc priest.
The orc priest hits the adder skeleton with a +0 short sword.
The adder skeleton is destroyed!
The hound skeleton bites you but does no damage.
Found a stone staircase leading up.
The wight completely misses you. The wight completely misses you.
The wight barely misses you. The hound skeleton bites you.
* * * LOW HITPOINT WARNING * * *
Unknown command.
A hobgoblin comes into view.
A kobold comes into view. It is wielding a +0 short sword.
Found an encrusted leather armour.
There is a stone staircase leading up here.
The wight hits you with a +0 long sword.
* * * LOW HITPOINT WARNING * * *
You feel drained.
* * * LOW HITPOINT WARNING * * *
You climb upwards.
Found a hand axe.
Found two stone staircases leading down.
There is a stone staircase leading down here.
The wight hits you with a +0 long sword.
You die...

##+##
##...##
##.....##
##.......##
#.........#
+....@..).+
#....z....#
##.......##
##>...>##
##>..##
##+##


You could see a wight.

Vanquished Creatures
  A howler monkey (D:5)
  A hound (D:5)
  2 orcs
4 creatures vanquished.

Vanquished Creatures (others)
  An adder skeleton (D:4)
1 creature vanquished.

Grand Total: 5 creatures vanquished

Notes
Turn   | Place    | Note
-------+----------+-------------------------------------------
     0 | D:5      | SnakkuSnakku7 the Hill Orc Delver began the quest for the
                  | Orb.
     0 | D:5      | Reached XP level 1. HP: 19/19 MP: 1/1
   162 | D:5      | Noticed a vampire mosquito
   206 | D:5      | Found a transporter.
   240 | D:5      | Found Vyfahuyd's General Store.
   241 | D:5      | Found Mystrasig's Weapon Emporium.
   242 | D:5      | Noticed a hound
   243 | D:5      | Found Gecairuu's Magic Scroll Emporium.
   246 | D:5      | Found Hoadghel's Antique Weapon Emporium.
   256 | D:5      | Killed a hound
   257 | D:5      | Reached XP level 2. HP: 26/28 MP: 2/2
   257 | D:5      | Reached XP level 3. HP: 32/34 MP: 3/3
   289 | D:4      | Noticed Pikel
   289 | D:4      | Noticed a lemure
   289 | D:4      | Noticed a lemure
   289 | D:4      | Noticed a lemure
   289 | D:4      | Noticed a black bear
   289 | D:4      | Noticed a water moccasin
   328 | D:4      | Became a worshipper of Beogh the Brigand
   353 | D:5      | Reached XP level 4. HP: 10/41 MP: 4/4
   621 | D:3      | Slain by a wight

Illustrated notes

Levels and vault maps discovered:
D:3:      layout_loops_corners, serial_shops, shop_fountains, kennysheep_boxes,
          uniq_ijyb
D:4:      layout_basic, minmay_temple_entry_hall, uniq_pikel
D:5:      gammafunk_cloud_chamber, layout_layer_cave, serial_glass,
          glass_columns_b, glass_columns_b, st_stairs_9, minmay_shop_grid_forest

Skill      XL: |  1  2  3 |
---------------+----------+-----
Fighting       | 4 |  4.9
Axes           | 3 4 |  4.5
Dodging        | |  1.5
Stealth        | |  4.1

Action                   |  1- 3 |  4- 6 || total
-------------------------+-------+-------++-------
Melee: Hand axe          |    23 |       ||    23
Invok: Convert to Beogh  |     1 |       ||     1
Evoke: Wand              |     1 |       ||     1
  Use: Scroll            |     1 |       ||     1
       Potion            |     1 |       ||     1
Armor: Leather armour    |     2 |     2 ||     4
Dodge: Dodged            |    13 |     7 ||    20
